 Dungeon Crawl Stone Soup version 0.31-b1-22-gc680215f68 (webtiles) character file.

Game seed: 88698675534579837

29248 monsoonserge the Thaumaturge (level 13, -16/95 HPs)
             Began as a Djinni Fire Elementalist on Jan 18, 2024.
             Was an Initiate of Gozag.
             Killed from afar by an ice dragon (21 damage)
             ... with a blast of cold
             ... on level 4 of the Lair of Beasts.
             The game lasted 01:47:55 (19225 turns).

monsoonserge the Thaumaturge (DjFE)                Turns: 19225, Time: 01:47:55

Health: -16/95     AC:  9    Str: 10      XL:     13   Next: 79%
Gold:   913        EV: 13    Int: 28 (29) God:    Gozag SH:  9 Dex: 14 (15)

rFire   + + .        S - +1 double sword of Corporal Punishment {freeze, rElec rPois}
rCold   . . .        z - +4 buckler "Xemy" {+Blink Str+3}
rNeg    + . .        F - +1 leather armour {rN+}
rPois   ∞            w - +1 helmet of Nitemm {Dex+2}
rElec   +            m - +0 cloak
rCorr   .            a - +0 pair of gloves
SInv    .            (boots unavailable)
Will    +....        (no amulet)
Stlth   ++           b - +6 ring of intelligence
HPRegen 0.35/turn    J - ring of protection from cold
MPRegen 0.00/turn

%: infuse magic (-17 HP)
@: flying
A: sickness immunity, fire resistance 2, cold vulnerability 1, float, innate
caster, HP casting, extra vitality 1, deterioration 1
a: Renounce Religion, Evoke Blink, Potion Petition, Call Merchant, Bribe Branch


You were on level 4 of the Lair of Beasts.
You worshipped Gozag.
Gozag was pleased with you.
You visited 3 branches of the dungeon, and saw 16 of its levels.

You collected 2429 gold pieces.
You spent 742 gold pieces at shops.
You paid 774 gold pieces to Gozag.

Inventory:

Hand Weapons
 e - a +1 vampiric trident
 H - a +2 trident of draining
 S - the +1 double sword of Corporal Punishment (weapon) {freeze, rElec rPois}
   (You found it on level 10 of the Dungeon)

   rElec:     It insulates you from electricity.
   rPois:     It protects you from poison
Missiles
 i - 3 throwing nets
 j - a curare-tipped dart
 q - 2 javelins
 v - 25 poisoned darts (quivered)
 O - 6 boomerangs
Armour
 a - a +0 pair of gloves (worn)
 m - a +0 cloak (worn)
 w - the +1 helmet of Nitemm (worn) {Dex+2}
   (You found it on level 4 of the Dungeon)

   Dex+2:     It affects your dexterity (+2).
 z - the +4 buckler "Xemy" (worn) {+Blink Str+3}
   (You bought it in a shop on level 11 of the Dungeon)

   Str+3:     It affects your strength (+3).
   +Blink:    It lets you blink.
 F - a +1 leather armour of positive energy (worn)
Magical Staves
 l - a staff of earth
Jewellery
 b - a +6 ring of intelligence (left hand)
 J - a ring of protection from cold (right hand)
 Q - a +6 ring of dexterity
 V - a ring of protection from fire
 W - a ring of resist corrosion
 Z - a +6 ring of intelligence
Talismans
 n - a serpent talisman
Wands
 d - a wand of mindburst (14)
 y - a wand of charming (16)
 E - a wand of polymorph (15)
 R - a wand of digging (3)
Scrolls
 c - 4 scrolls of revelation
 f - 3 scrolls of silence
 g - 2 scrolls of summoning
 k - 5 scrolls of enchant weapon
 r - a scroll of blinking
 s - 7 scrolls of teleportation
 u - 3 scrolls of enchant armour {unknown}
 x - a scroll of fear
 B - 3 scrolls of vulnerability {unknown}
 C - 2 scrolls of fog {unknown}
 L - a scroll of immolation
 M - 2 scrolls of amnesia {unknown}
 N - 2 scrolls of poison
 T - a scroll of torment {unknown}
Potions
 h - a potion of ambrosia {unknown}
 o - 2 potions of haste
 p - 5 potions of curing
 t - a potion of brilliance
 A - 5 potions of attraction {unknown}
 D - a potion of experience {unknown}
 I - a potion of invisibility {unknown}
 K - 2 potions of enlightenment {unknown}
 P - 3 potions of mutation
 U - 2 potions of cancellation {unknown}
 X - a potion of might {unknown}
Miscellaneous
 G - a tin of tremorstones (2/2)


   Skills:
 * Level 9.7 Fighting
 + Level 1.0 Long Blades
 + Level 6.2 Armour
 + Level 5.2 Dodging
 + Level 3.1 Stealth
 * Level 4.5 Shields
 + Level 14.0 Spellcasting
 + Level 14.0 Conjurations
 + Level 14.0 Hexes
 + Level 14.0 Summonings
 + Level 14.0 Necromancy
 + Level 14.0 Translocations
 + Level 14.0 Fire Magic
 + Level 14.0 Ice Magic
 + Level 14.0 Air Magic
 + Level 14.0 Earth Magic
 + Level 14.0 Alchemy
 + Level 3.9 Evocations


You knew the following spells:

 Your Spells              Type           Power      Damage    Failure   Level
a - Foxfire               Conj/Fire      100%       2x1d9     0%          1
b - Scorch                Fire           100%       2d9       1%          2
c - Volatile Blastmotes   Fire/Tloc      100%       2d18      1%          3
d - Inner Flame           Hex/Fire       78%        N/A       1%          3
e - Flame Wave            Conj/Fire      78%        2d17      1%          4
f - Slow                  Hex            100%       N/A       0%          1
g - Blink                 Tloc           100%       N/A       1%          2
h - Fugue of the Fallen   Necr           78%        N/A       1%          3
i - Dazzling Flash        Conj/Hex       100%       N/A       1%          3
j - Curse of Agony        Necr           78%        N/A       1%          5
k - Alistair's Intoxicat  Alch           52%        N/A       1%          5
Your spell library was empty.

Dungeon Overview and Level Annotations

Branches:
Dungeon (11/15)            Temple (1/1) D:7            Lair (4/5) D:11
 Shoals (0/4) Lair:3       Spider (0/4) Lair:2          Orc (0/2) D:9
  Slime: Lair:4-5

Altars:
Ashenzari
Cheibriados
Dithmenos
Elyvilon
Fedhas
Gozag
Hepliaklqana
Makhleb
Nemelex Xobeh
Okawaru
Qazlal
Ru
Trog
Uskayaw
Wu Jian
Xom
Yredelemnul
Zin
The Shining One

Shops:
D:3 ?   D:5 *   D:10 *   D:11 [

Portals:
Ice
Cave: Lair:4

Annotations:
Lair:1 exclusion: oklob plant
Lair:3 1 runed translucent door, turdburglar's ghost, journeyman DrSh


Innate Abilities, Weirdness & Mutations

You are immune to sickness and miasma.
You are immune to poison.
Your flesh is very heat resistant. (rF++)
You are vulnerable to cold. (rC-)
You float through the air rather than walking.
You learn spells naturally, not from books.
Your magical power is your life essence.
You have superior vitality. (+4 MHP)
Your body sometimes deteriorates upon taking damage.


Message History

The polar bear bites you.
The polar bear claws you but does no damage. x2
A wave of flame ripples out!
The flame wave engulfs the polar bear!!!
The polar bear is burned terribly!
You kill the polar bear!
The flame wave engulfs the yak.
The yak is burned terribly!
The yak is moderately wounded.
Unknown command.
A wave of flame ripples out!
The flame wave engulfs the yak!
The yak is burned terribly!
The yak is severely wounded.
The flame wave engulfs the ice dragon!
The ice dragon is burned terribly!
The ice dragon is lightly wounded.
You finish channelling waves of flame.
The yak gores you but does no damage.
Casting: Flame Wave (safe; 1% risk of failure)
Confirm with . or Enter, or press ? or * to list all spells.
Casting: Flame Wave (safe; 1% risk of failure)
Press: ? - help, Dir - look around, f - activate A wave of flame ripples out!
The flame wave engulfs the yak!!
The yak is burned terribly!
You kill the yak! (Press . to intensify the flame waves.)
The ice dragon breathes frost at you. The blast of cold hits you!!
Your body deteriorates!
You feel dopey.
A wave of flame ripples out!
The flame wave engulfs the ice dragon!!
The ice dragon is burned terribly!
The ice dragon is heavily wounded.
The ice dragon breathes frost at you. The blast of cold hits you!!!
Ouch! That really hurt!
* * * LOW HITPOINT WARNING * * *
Blink to where?
Press: ? - help, Dir - move target
As you read the scroll of blinking, it crumbles to dust.
The ice dragon breathes frost at you. The blast of cold hits you!!
You die...
Your body crumbles into a pile of gold.

....##
##............
....# #............
###.# #.##.........
∩. ###......##.. !.
#.##.....# .# ..
#.##.....##
.####..#......# h.
#..##.....## D#
###.#@.....## ##$#
###........... #D##
#.............
##.####............
##§###..##..P#...#
#...D...#########
#....#### #.#####
##


You could see an ice dragon (catching breath).

Vanquished Creatures
  An ogre mage (D:11)
  A catoblepas (Lair:1)
  4 two-headed ogres
  A skyshark (Lair:1)
  A necromancer (D:9)
  A manticore (D:11)
  2 cyclopes
  A black mamba (Lair:2)
  7 elephants
  Jeremiah (D:8)
  A kobold demonologist (D:11)
  3 rime drakes
  7 cane toads
  A komodo dragon (Lair:1)
  2 trolls
  A tarantella (Lair:2)
  5 blink frogs
  Grinder (D:3)
  3 polar bears
  A culicivora (Lair:2)
  3 wyverns
  5 slime creatures (D:11)
  25 yaks
  Grum (Lair:1)
  A shadow (D:10)
  A steam dragon (D:8)
  5 vampire mosquitoes
  An acid dragon (D:11)
  27 water moccasins
  9 orc warriors
  A black bear (Lair:3)
  2 sky beasts (D:6)
  An ogre (D:11)
  9 wolves
  2 phantoms
  4 centaurs
  16 bullfrogs
  3 kobold brigands
  A scorpion (D:6)
  5 wights (D:9)
  9 killer bees
  4 howler monkeys
  An electric eel (Lair:3)
  3 bombardier beetles
  5 hounds
  10 orc priests
  2 sleepcaps
  Terence (D:3)
  3 iguanas
  15 orc wizards
  6 polar bear simulacra (D:9)
  A yak simulacrum (D:9)
  3 wolf simulacra (D:9)
  Robin (D:3)
  13 adders
  4 gnolls (D:7)
  A white imp (D:7)
  A dart slug (D:2)
  52 orcs
  10 ball pythons
  3 bats
  5 endoplasms
  2 giant cockroaches
  16 goblins
  10 hobgoblins
  6 quokkas
  5 frilled lizards
  10 kobolds
  6 rats
  A river rat simulacrum (D:9)
  A butterfly (Lair:2)
377 creatures vanquished.

Vanquished Creatures (collateral kills)
  9 foxfires
9 creatures vanquished.

Vanquished Creatures (others)
  A wolf (D:9)
  488 foxfires
489 creatures vanquished.

Grand Total: 875 creatures vanquished

Notes
Turn   | Place    | Note
-------+----------+-------------------------------------------
     0 | D:1      | monsoonserge the Djinni Fire Elementalist began the quest
                  | for the Orb.
     0 | D:1      | monsoonserge set off with the following spells memorised:
                  | Foxfire, Scorch, Volatile Blastmotes, Inner Flame, Flame
                  | Wave.
     0 | D:1      | Reached XP level 1. HP: 15/15 MP: 0/0
   185 | D:1      | Reached XP level 2. HP: 19/21 MP: 0/0
   777 | D:1      | Reached XP level 3. HP: 13/25 MP: 0/0
   777 | D:1      | Learned a level 1 spell: Slow
  1403 | D:2      | Reached skill level 1 in Armour
  1793 | D:3      | Reached XP level 4. HP: 29/31 MP: 0/0
  1862 | D:3      | Noticed Grinder
  1867 | D:3      | Paralysed by Grinder for 3 turns
  1870 | D:3      | Killed Grinder
  1871 | D:3      | Reached XP level 5. HP: 28/35 MP: 0/0
  1871 | D:3      | Learned a level 2 spell: Blink
  1871 | D:3      | Reached XP level 6. HP: 32/40 MP: 0/0
  1929 | D:3      | Noticed Robin
  1953 | D:3      | Killed Robin
  1976 | D:3      | Noticed Terence
  1990 | D:3      | Gained mutation: You have a pair of small horns on your
                  | head. [potion of mutation]
  1990 | D:3      | Gained mutation: You are dopey. (Int -2) [potion of
                  | mutation]
  2061 | D:3      | Reached skill level 1 in Fighting
  2190 | D:3      | Found a faded altar of an unknown god.
  2445 | D:3      | Found Fimenuof's Magic Scroll Emporium.
  2531 | D:3      | Killed Terence
  2532 | D:3      | Reached XP level 7. HP: 34/47 MP: 0/0
  2532 | D:3      | Learned a level 3 spell: Fugue of the Fallen
  2800 | D:4      | Reached skill level 5 in Spellcasting
  2800 | D:4      | Reached skill level 5 in Conjurations
  2800 | D:4      | Reached skill level 5 in Hexes
  2800 | D:4      | Reached skill level 5 in Summonings
  2800 | D:4      | Reached skill level 5 in Necromancy
  2800 | D:4      | Reached skill level 5 in Translocations
  2800 | D:4      | Reached skill level 5 in Fire Magic
  2800 | D:4      | Reached skill level 5 in Ice Magic
  2800 | D:4      | Reached skill level 5 in Air Magic
  2800 | D:4      | Reached skill level 5 in Earth Magic
  2800 | D:4      | Reached skill level 5 in Alchemy
  3133 | D:4      | Identified the +1 helmet of Nitemm {Dex+2}
  3135 | D:4      | Lost mutation: You have a pair of small horns on your head.
                  | [potion of mutation]
  3135 | D:4      | Lost mutation: You are dopey. (Int -2) [potion of mutation]
  3135 | D:4      | Gained mutation: Your body sometimes deteriorates upon
                  | taking damage. [potion of mutation]
  3409 | D:4      | Found a hazy altar of Hepliaklqana.
  3650 | D:3      | Bought a scroll of teleportation for 30 gold pieces
  3650 | D:3      | Bought a scroll of fear for 40 gold pieces
  3710 | D:5      | Entered Level 5 of the Dungeon
  4120 | D:5      | Found Gufraem's Overcharged Wands.
  4148 | D:5      | Reached XP level 8. HP: 52/56 MP: 0/0
  5085 | D:6      | You are sucked into a shaft and drop 2 floors!
  5102 | D:8      | Reached skill level 5 in Fighting
  5110 | D:8      | Reached XP level 9. HP: 30/65 MP: 0/0
  5110 | D:8      | Learned a level 3 spell: Dazzling Flash
  6316 | D:7      | Found a staircase to the Ecumenical Temple.
  6324 | Temple   | Entered the Ecumenical Temple
  6349 | Temple   | Became a worshipper of Elyvilon the Healer
  6479 | D:7      | Found an opulent altar of Gozag.
  6911 | D:8      | Reached * piety under Elyvilon
  7007 | D:8      | Found a shadowy altar of Dithmenos.
  7008 | D:8      | Found a basalt altar of Yredelemnul.
  7009 | D:8      | Found a sparkling altar of Nemelex Xobeh.
  7033 | D:8      | Noticed Jeremiah
  7062 | D:8      | Killed Jeremiah
  7281 | D:8      | Found a sacrificial altar of Ru.
  7385 | D:8      | Reached XP level 10. HP: 28/73 MP: 0/0
  8576 | D:9      | Found a staircase to the Orcish Mines.
  8837 | D:9      | Noticed a cyclops
  8985 | D:9      | Killed a cyclops
  8986 | D:9      | Reached skill level 10 in Spellcasting
  8986 | D:9      | Reached skill level 10 in Conjurations
  8986 | D:9      | Reached skill level 10 in Hexes
  8986 | D:9      | Reached skill level 10 in Summonings
  8986 | D:9      | Reached skill level 10 in Necromancy
  8986 | D:9      | Reached skill level 10 in Translocations
  8986 | D:9      | Reached skill level 10 in Fire Magic
  8986 | D:9      | Reached skill level 10 in Ice Magic
  8986 | D:9      | Reached skill level 10 in Air Magic
  8986 | D:9      | Reached skill level 10 in Earth Magic
  8986 | D:9      | Reached skill level 10 in Alchemy
  9032 | D:9      | Found an ornate altar of the Wu Jian Council.
  9032 | D:9      | Reached ** piety under Elyvilon
  9469 | D:9      | Noticed a necromancer
  9480 | D:9      | Reached XP level 11. HP: 38/78 MP: 0/0
  9480 | D:9      | Learned a level 5 spell: Curse of Agony
  9484 | D:9      | Killed a necromancer
  9569 | D:7      | Fell from the grace of Elyvilon
  9569 | D:7      | Became a worshipper of Gozag Ym Sagoz the Greedy
 10162 | D:10     | Entered Level 10 of the Dungeon
 10551 | D:10     | Found a blossoming altar of Fedhas.
 10767 | D:10     | Found Zin's Purification Station.
 10769 | D:10     | Found a glowing silver altar of Zin.
 11103 | D:10     | Identified the +1 double sword of Corporal Punishment
                  | {freeze, rElec rPois}
 11174 | D:11     | Found a staircase to the Lair.
 11612 | D:11     | Noticed a manticore
 11620 | D:11     | Killed a manticore
 12144 | D:11     | Reached XP level 12. HP: 77/85 MP: 0/0
 12204 | D:11     | Noticed an ogre mage
 12205 | D:11     | Noticed a two-headed ogre
 12236 | D:11     | Killed an ogre mage
 12236 | D:11     | Noticed a two-headed ogre
 12346 | D:11     | Noticed a two-headed ogre
 12347 | D:11     | Noticed a two-headed ogre
 12366 | D:10     | Killed a two-headed ogre
 12475 | D:10     | Killed a two-headed ogre
 12476 | D:10     | Reached skill level 5 in Armour
 12483 | D:10     | Killed a two-headed ogre
 12755 | D:11     | Killed a two-headed ogre
 13141 | Lair:1   | Entered Level 1 of the Lair of Beasts
 13150 | Lair:1   | Noticed a skyshark
 13182 | Lair:1   | Killed a skyshark
 14257 | D:11     | Upgraded the game from 0.31-b1-20-g67cafac56d to
                  | 0.31-b1-22-gc680215f68
 14712 | Lair:1   | Noticed Grum
 14864 | Lair:2   | Reached XP level 13. HP: 88/92 MP: 0/0
 14864 | Lair:2   | Learned a level 5 spell: Alistair's Intoxication
 14888 | Lair:2   | Identified the blade talisman of Disguise {rElec Will+
                  | Dex+3}
 15068 | Lair:2   | Reached skill level 1 in Evocations
 15407 | Lair:2   | Found a hole to the Spider Nest.
 15784 | Lair:1   | Reached skill level 5 in Dodging
 15841 | Lair:1   | HP: 2/92 [cane toad (19)]
 16373 | D:11     | Bought the +4 buckler "Xemy" {+Blink Str+3} for 672 gold
                  | pieces
 16430 | Lair:1   | Reached skill level 1 in Long Blades
 16441 | Lair:1   | Killed Grum
 16595 | Lair:1   | Found a blossoming altar of Fedhas.
 16733 | Lair:1   | Reached skill level 1 in Shields
 16934 | Lair:1   | Noticed a catoblepas
 16948 | Lair:1   | Killed a catoblepas
 17472 | Lair:3   | Found a runed translucent door.
 17472 | Lair:3   | Noticed turdburglar's ghost (journeyman DrSh)
 17604 | Lair:3   | Found a staircase to the Shoals.
 19051 | Lair:4   | Found a frozen archway.
 19052 | Lair:4   | Noticed an ice dragon
 19217 | Lair:4   | HP: 3/95 [ice dragon/blast of cold (51)]
 19225 | Lair:4   | Killed from afar by an ice dragon

Illustrated notes

Levels and vault maps discovered:
D:1:      tarquinn_simple_flora_water_d, layout_basic, minmay_quantized
D:2:      layout_loops_cross
D:3:      layout_loops_ring, serial_shops, nicolae_shop_window_shopping,
          hellmonk_ecumenical_altar_arch_garden, uniq_terence, uniq_grinder,
          uniq_robin
D:4:      layout_basic, nzn_hepliaklqana_mist_gate, kennysheep_generic_room_16
D:5:      layout_loops_corners, nicolae_shop_overcharged_wands
D:6:      layout_gridville
D:7:      layout_loops_cross, nicolae_gozag_seed_capital,
          minmay_temple_entry_glassed_door
D:8:      layout_basic, nicolae_ru_great_annihilating_truth, minitemple,
          uniq_jeremiah
D:9:      layout_basic, nicolae_wu_jian_wuxing_cycle, erik_orc_3,
          eino_house_with_fridge
D:10:     layout_basic, zin_purify, nicolae_vehumet_altar_sigil,
          mainiacjoe_overflow_paths
D:11:     layout_irregular_city, erik_lair_orcish_takeover,
          hangedman_decor_riveting
Temple:   bh_familiar_temple
Lair:1:   layout_misc_corridors, tgw_fedhas, grunt_megastairs_1, uniq_grum
Lair:2:   layout_roguey, spider_nest_entry_rubble, pdpol_lair_neglected_garden,
          lemuel_fruit_fields
Lair:3:   lemuel_reptile_caves, layout_chaotic_city,
          minmay_shoals_entry_centaurs, ebering_ghost_inner_flame
Lair:4:   layout_regular_city, portal_ice_cave_entry_animals_and_master

Skill      XL: |  1  2  3  4  5  6  7  8  9 10 11 12 13 |
---------------+----------------------------------------+-----
Stealth        | 2 3 |  3.1
Armour         | 1 3 4 5 6 |  6.2
Spellcasting   | 4 5 6 8 10 12 13 14 | 14.0
Conjurations   | 4 5 6 8 10 12 13 14 | 14.0
Hexes          | 4 5 6 8 10 12 13 14 | 14.0
Summonings     | 4 5 6 8 10 12 13 14 | 14.0
Necromancy     | 4 5 6 8 10 12 13 14 | 14.0
Translocations | 4 5 6 8 10 12 13 14 | 14.0
Fire Magic     | 4 5 6 8 10 12 13 14 | 14.0
Ice Magic      | 4 5 6 8 10 12 13 14 | 14.0
Air Magic      | 4 5 6 8 10 12 13 14 | 14.0
Earth Magic    | 4 5 6 8 10 12 13 14 | 14.0
Alchemy        | 4 5 6 8 10 12 13 14 | 14.0
Fighting       | 1 3 5 6 7 8 9 |  9.7
Dodging        | 3 4 5 |  5.2
Evocations     | 3 |  3.9
Long Blades    | 1 |  1.0
Shields        | 4 |  4.5

Action                     |  1- 3 |  4- 6 |  7- 9 | 10-12 | 13-15 || total
---------------------------+-------+-------+-------+-------+-------++-------
  Melee: Morningstar       |     1 |       |       |       |       ||     1
         Whip              |       |       |     3 |       |       ||     3
         Double sword      |       |       |       |     2 |     2 ||     4
   Cast: Foxfire           |    41 |    33 |   103 |    73 |    41 ||   291
         Scorch            |    21 |    16 |   107 |   152 |   122 ||   418
         Volatile Blastmot |       |     8 |    16 |    49 |    24 ||    97
         Flame Wave        |       |       |     3 |    24 |    16 ||    43
         Blink             |       |       |       |     8 |       ||     8
         Slow              |       |       |       |     1 |       ||     1
         Dazzling Flash    |       |       |       |     1 |       ||     1
         Alistair's Intoxi |       |       |       |       |     2 ||     2
 Invoke: Call Merchant     |       |       |       |     1 |       ||     1
  Evoke: Wand              |       |       |       |     4 |     1 ||     5
    Use: Potion            |       |     4 |     3 |       |     1 ||     8
         Scroll            |       |       |     5 |     1 |     3 ||     9
 Armour: Robe              |     2 |       |       |       |       ||     2
         Leather armour    |     1 |     8 |    27 |   161 |    82 ||   279
         Skin              |       |     5 |       |       |       ||     5
  Dodge: Dodged            |     7 |     8 |    18 |   112 |    50 ||   195
  Block: Buckler           |       |       |       |       |    23 ||    23
